 Dungeon Crawl Stone Soup version 0.23.1 (webtiles) character file.

Game seed: 1220461920184594526

24848 Kniotic the Grappler (level 12, -2/150 HPs)
             Began as a Demonspawn Berserker on Mar 9, 2019.
             Was a High Priest of Trog.
             Slain by a minotaur
             ... wielding a cursed staff of poison
              (23 damage)
             ... in a Gauntlet.
             The game lasted 00:28:36 (14570 turns).

Kniotic the Grappler (Demonspawn Berserker)        Turns: 14570, Time: 00:28:36

Health: -2/150     AC:  8    Str: 24    XL:     12   Next: 84%
Magic:  0/18       EV: 19    Int:  9    God:    Trog [*****.]
Gold:   590        SH:  0    Dex: 16    Spells: 11/11 levels left

rFire    . . .     SeeInvis .     - Unarmed
rCold    + . .     Gourm    .   (no shield)
rNeg     . . .     Faith    .   C - +2 robe {MR+}
rPois    .         Spirit   +   c - +0 helmet of Action {rCorr}
rElec    .         Reflect  .   s - +0 cloak
rCorr    +         Harm     .   (gloves unavailable)
MR       +....     NoTele   +   m - +1 pair of boots
Stlth    ..........             y - amulet of Pexied {Spirit Stlth+}
HPRegen  0.35/turn              (no ring)
MPRegen  0.16/turn              (no ring)

@: berserking (expiring), lethally poisoned (-2 -> -2), very quick
A: claws 3, cold resistance 1, foul stench 1, rot immunity, [subdued magic 3]
a: Berserk, Trog's Hand, Brothers in Arms, Renounce Religion


You were in a Gauntlet.
You worshipped Trog.
Trog was extremely pleased with you.
You were not hungry.

You visited 2 branches of the dungeon, and saw 13 of its levels.
You visited the Abyss 1 time.
You also visited: Gauntlet.

You collected 689 gold pieces.
You spent 99 gold pieces at shops.

Inventory:

Hand Weapons
 w - the +12 whip of a bailey {speed, rPois rF++ MR- Int-2}
   (You found it on level 4 of the Dungeon)

   Attacks with this weapon are significantly faster.
   It affects your intelligence (-2).
   It greatly protects you from fire.
   It protects you from poison.
   It affects your resistance to hostile enchantments.
Armour
 c - the +0 helmet of Action (worn) {rCorr}
   (You found it on level 6 of the Dungeon)

   It provides partial protection from all sources of acid and corrosion.
 m - a +1 pair of boots (worn)
 s - a +0 cloak (worn)
 C - a +2 robe of magic resistance (worn)
Jewellery
 y - the amulet of Pexied (around neck) {Spirit Stlth+}
   (You found it in a Gauntlet)

   [amulet of guardian spirit]

   It causes incoming damage to be split between your health and magic.
   It makes you more stealthy.
Wands
 a - a wand of iceblast (4)
 z - a wand of paralysis (1)
 B - a wand of acid (19)
 I - a wand of disintegration (4)
Scrolls
 d - 10 scrolls of remove curse
 g - a scroll of fog {unknown}
 h - 2 scrolls of enchant armour
 i - 2 scrolls of blinking {unknown}
 j - 2 scrolls of immolation {unknown}
 k - 2 scrolls of teleportation
 l - 2 scrolls of random uselessness {unknown}
 n - 4 scrolls of fear {unknown}
 o - 2 scrolls of enchant weapon
 p - 5 scrolls of amnesia
 x - a scroll of silence {unknown}
 H - a scroll of magic mapping {unknown}
Potions
 e - a potion of ambrosia
 f - 4 potions of flight
 q - 7 potions of mutation
 t - a potion of might
 u - 2 potions of brilliance
 v - 2 potions of lignification
 A - a potion of magic
 E - a potion of berserk rage
 F - 2 potions of haste
 G - a potion of cancellation {unknown}
 J - a potion of curing
Miscellaneous
 D - a fan of gales
Comestibles
 b - 11 rations


   Skills:
 - Level 11.1 Fighting
 - Level 1.7 Armour
 - Level 10.1 Dodging
 * Level 11.2 Unarmed Combat
 + Level 8.0 Evocations


You had 11 spell levels left.
You didn't know any spells.
Your spell library was empty.

Dungeon Overview and Level Annotations

Branches:
Dungeon (10/15)            Temple (0/1) D:5            Lair (3/6) D:8
  Swamp: Lair:2-4    Shoals: Lair:2-4     Snake: Lair:2-4    Spider: Lair:2-4
    Orc: D:9-12

Altars:
Ashenzari
Cheibriados
Elyvilon
Fedhas
Gozag
Makhleb
Nemelex Xobeh
Okawaru
Qazlal
Ru
Sif Muna
Wu Jian
Xom

Shops:
D:5 *   D:7 *

Annotations:
D:3 2 runed translucent doors, rumpelstilzz's ghost, amateur OpVM Gauntlet 6 transporters


Innate Abilities, Weirdness & Mutations

You have claws for hands.
Your flesh is cold resistant. (rC+)
You may emit foul miasma when damaged in melee.
You are immune to rotting.
[Your spells are much easier to cast, but much less powerful.]


Message History

The minotaur is heavily wounded.
You claw the minotaur!
The minotaur is heavily wounded.
You scratch the minotaur but do no damage.
The minotaur is heavily wounded.
The minotaur is engulfed in dark miasma.
The minotaur hits you with a cursed staff of poison!!
* * * LOW HITPOINT WARNING * * *
You are more poisoned.
The minotaur gores you!
* * * LOW HITPOINT WARNING * * *
You claw the minotaur!
The minotaur is severely wounded.
You feel sick.
You claw the minotaur!
The minotaur is almost dead.
The minotaur is engulfed in dark miasma.
The minotaur is poisoned.
The minotaur seems to slow down.
The minotaur hits you with a cursed staff of poison!!
You die...

#.# ##'###
#.⌠..# #...⌠+
+⌠... ..∩ #H#
#######@#######
#......(......#
#.###.###.###.#
#............
###.###.###.#
####.###.###.##
#..............
#..............
######......#
##


You could see a minotaur.

Vanquished Creatures
  A two-headed ogre (D:9)
  A wretched star (Gauntlet)
  Pikel (D:8)
  Maurice (D:8)
  Psyche (D:7)
  A black mamba (Lair:1)
  4 elephants
  A water nymph (shapeshifter) (Gauntlet)
  A spiny frog (Lair:1)
  2 gargoyles
  A komodo dragon (Lair:2)
  A jumping spider (Lair:2)
  A troll (D:9)
  3 hornets
  A blink frog (shapeshifter) (Gauntlet)
  Prince Ribbit (D:9)
  6 hippogriffs
  11 yaks
  A vampire (D:9)
  A wyvern (D:9)
  A neqoxec (Gauntlet)
  A soldier ant (D:8)
  A water moccasin (D:8)
  A porcupine (Lair:3)
  A hornet zombie (D:10)
  An ice beast (D:10)
  4 orc warriors
  2 sky beasts
  A black bear (Lair:1)
  An eye of draining (D:9)
  A necrophage (D:10)
  2 phantoms
  2 centaurs
  5 crocodiles
  A big kobold (D:10)
  A gnoll sergeant (D:4)
  3 bullfrogs
  3 scorpions
  5 crimson imps
  7 orc priests
  16 orc wizards
  A centaur skeleton (D:10)
  5 hounds
  3 bullfrog skeletons
  7 iguanas
  7 worker ants
  A mummy (D:5)
  A worker ant zombie (D:5)
  8 adders
  5 gnolls (D:4)
  3 shadow imps
  2 oozes
  An adder skeleton (D:8)
  4 worms
  2 dart slugs (D:1)
  3 leopard geckos
  35 orcs
  5 bats
  3 giant cockroaches
  8 goblins
  5 hobgoblins
  6 jackals
  A quokka (D:3)
  4 ball pythons
  2 frilled lizards
  10 kobolds
  2 kobold zombies (D:5)
  2 leopard gecko skeletons
  2 orc zombies (D:5)
  A quokka skeleton (D:8)
  6 rats
  A plant (Gauntlet)
247 creatures vanquished.

Vanquished Creatures (collateral kills)
  A two-headed ogre (D:8)
1 creature vanquished.

Vanquished Creatures (others)
  2 small abominations (Gauntlet)
  3 slaves (D:8)
  A leopard gecko (D:8)
  4 orcs (D:8)
  23 fungi
  3 plants
36 creatures vanquished.

Grand Total: 284 creatures vanquished

Notes
Turn   | Place    | Note
-------+----------+-------------------------------------------
     0 | D:1      | Kniotic the Demonspawn Berserker began the quest for the
                  | Orb.
     0 | D:1      | Reached XP level 1. HP: 18/18 MP: 1/1
   229 | D:1      | Gained mutation: You have sharp fingernails. [demonic
                  | ancestry]
   229 | D:1      | Reached XP level 2. HP: 12/24 MP: 2/2
   872 | D:2      | Found a sacrificial altar of Ru.
  1181 | D:2      | Gained mutation: You are immune to rotting. [demonic
                  | ancestry]
  1181 | D:2      | Reached XP level 3. HP: 29/29 MP: 3/3
  1850 | D:2      | Reached ** piety under Trog
  2167 | D:3      | Reached XP level 4. HP: 35/35 MP: 4/4
  2192 | D:3      | Found a deep blue altar of Sif Muna.
  2196 | D:3      | Found a blossoming altar of Fedhas.
  2344 | D:3      | Reached skill level 5 in Unarmed Combat
  2858 | D:3      | Found a burning altar of Makhleb.
  2861 | D:3      | Gained mutation: Your flesh is cold resistant. (rC+)
                  | [demonic ancestry]
  2861 | D:3      | Reached XP level 5. HP: 28/41 MP: 5/5
  3021 | D:3      | Found a large runed translucent door.
  3022 | D:3      | Found a large runed translucent door.
  3023 | D:3      | Noticed rumpelstilzz's ghost (amateur OpVM)
  3047 | D:3      | Found a snail-covered altar of Cheibriados.
  4077 | D:4      | Gained mutation: You have very sharp fingernails. [demonic
                  | ancestry]
  4077 | D:4      | Reached XP level 6. HP: 47/47 MP: 6/6
  4352 | D:4      | Got a bloodstained whip
  4569 | D:5      | Entered Level 5 of the Dungeon
  4591 | D:4      | Identified the +12 whip of a bailey {speed, rPois rF++ MR-
                  | Int-2} (You found it on level 4 of the Dungeon)
  4610 | D:5      | Found Hozets's General Store.
  4619 | D:5      | Bought a scroll of teleportation for 33 gold pieces
  4777 | D:5      | Found a staircase to the Ecumenical Temple.
  4789 | D:5      | Noticed a sky beast
  4803 | D:5      | Gained mutation: You may emit foul miasma when damaged in
                  | melee. [demonic ancestry]
  4803 | D:5      | Reached XP level 7. HP: 48/52 MP: 7/7
  5015 | D:5      | Reached *** piety under Trog
  5506 | D:5      | HP: 2/52 [something/puff of flame (5)]
  6116 | D:6      | Reached XP level 8. HP: 50/58 MP: 8/8
  6771 | D:6      | Found an opulent altar of Gozag.
  6776 | D:6      | Found an iron altar of Okawaru.
  6787 | D:6      | Found a sparkling altar of Nemelex Xobeh.
  6794 | D:6      | Found a white marble altar of Elyvilon.
  6799 | D:6      | Found a shimmering altar of Xom.
  6806 | D:6      | Found an ornate altar of the Wu Jian Council.
  6811 | D:6      | Found a stormy altar of Qazlal.
  7133 | D:6      | Got an ichor-stained helmet
  7305 | D:7      | Found Vufiyxt's Assorted Antiques.
  7308 | D:7      | Reached **** piety under Trog
  7315 | D:7      | Bought a scroll of identify for 66 gold pieces
  7315 | D:7      | Identified the +0 helmet of Action {rCorr} (You found it on
                  | level 6 of the Dungeon)
  7363 | D:7      | Reached skill level 10 in Unarmed Combat
  7499 | D:8      | Noticed Pikel
  7551 | D:8      | Noticed Psyche
  8253 | D:8      | Reached XP level 9. HP: 58/63 MP: 9/9
  8451 | D:8      | Noticed an elephant
  8696 | D:7      | Cast into level 1 of the Abyss (Psyche)
  8738 | D:7      | Escaped the Abyss
  8834 | D:7      | Killed Psyche
  8899 | D:7      | Killed an elephant
  8899 | D:7      | Reached skill level 5 in Fighting
  9086 | D:8      | Killed Pikel
  9086 | D:8      | Reached skill level 5 in Dodging
  9171 | D:8      | Noticed a two-headed ogre
  9180 | D:8      | Killed a two-headed ogre
  9197 | D:8      | Noticed Maurice
  9262 | D:8      | Found a staircase to the Lair.
  9292 | D:8      | Reached XP level 10. HP: 56/77 MP: 10/10
  9363 | D:8      | Noticed a gargoyle
  9368 | D:8      | Killed a gargoyle
  9555 | D:8      | Killed Maurice
  9888 | D:8      | Paralysed by a hornet for 2 turns
 10483 | D:9      | Noticed Prince Ribbit
 10489 | D:9      | Killed Prince Ribbit
 10685 | D:9      | Noticed a two-headed ogre
 10694 | D:9      | Killed a two-headed ogre
 11297 | D:10     | Entered Level 10 of the Dungeon
 11302 | D:10     | Gained mutation: You have claws for hands. [demonic
                  | ancestry]
 11302 | D:10     | Reached XP level 11. HP: 87/89 MP: 11/11
 11352 | D:10     | Reached ***** piety under Trog
 11920 | D:10     | Found a shattered altar of Ashenzari.
 12014 | Lair:1   | Entered Level 1 of the Lair of Beasts
 12068 | Lair:1   | Received a gift from Trog
 12155 | Lair:1   | Reached skill level 10 in Fighting
 13285 | Lair:2   | Noticed a four-headed hydra
 13334 | Lair:2   | Found a gate leading to a gauntlet.
 13337 | Gauntlet | Entered a Gauntlet
 13337 | Gauntlet | Found a transporter.
 13337 | Gauntlet | Found a transporter.
 13337 | Gauntlet | Noticed a fire crab
 13370 | Gauntlet | a fire crab changed into a tarantella
 13372 | Gauntlet | Noticed a harpy
 13372 | Gauntlet | a human changed into a harpy
 13376 | Gauntlet | Noticed a fire crab
 13376 | Gauntlet | a harpy changed into a fire crab
 13426 | Gauntlet | a fire crab changed into a tarantella
 13427 | Gauntlet | Found a transporter.
 13428 | Gauntlet | Found a transporter.
 13428 | Gauntlet | Found a transporter.
 13431 | Gauntlet | Found a transporter.
 13438 | Gauntlet | Found a transporter.
 13440 | Gauntlet | Found a transporter.
 13440 | Gauntlet | Found a transporter.
 13440 | Gauntlet | Noticed a fire crab
 13442 | Gauntlet | Found a transporter.
 13445 | Gauntlet | Noticed a green ugly thing
 13449 | Gauntlet | Noticed a wretched star
 13450 | Gauntlet | Found a transporter.
 13451 | Gauntlet | Found a transporter.
 13453 | Gauntlet | Noticed a white ugly thing
 13494 | Gauntlet | Noticed an orb spider
 13498 | Gauntlet | Noticed an orb spider
 13498 | Gauntlet | a spiny frog changed into an orb spider
 13522 | Gauntlet | an orb spider changed into a golden eye
 13522 | Gauntlet | Noticed an orb spider
 13555 | Gauntlet | Noticed a great orb of eyes
 13626 | Gauntlet | Noticed a wolf spider
 13626 | Gauntlet | an eye of devastation changed into a wolf spider
 13633 | Gauntlet | a wolf spider changed into a water nymph
 13652 | Gauntlet | Noticed an anaconda
 13652 | Gauntlet | a water nymph changed into an anaconda
 13661 | Gauntlet | Noticed a harpy
 13661 | Gauntlet | a soldier ant changed into a harpy
 13666 | Gauntlet | Noticed a two-headed ogre
 13666 | Gauntlet | an anaconda changed into a two-headed ogre
 13675 | Gauntlet | Noticed a sea snake
 13675 | Gauntlet | a redback changed into a sea snake
 13676 | Gauntlet | Noticed a fire crab
 13677 | Gauntlet | Noticed a lindwurm
 13677 | Gauntlet | a sea snake changed into a lindwurm
 13681 | Gauntlet | Noticed a swamp dragon
 13681 | Gauntlet | a two-headed ogre changed into a swamp dragon
 13704 | Gauntlet | a fire crab changed into a floating eye
 13739 | Gauntlet | Noticed a sea snake
 13757 | Gauntlet | a sea snake changed into an eye of devastation
 13784 | Gauntlet | Reached skill level 10 in Dodging
 13988 | Gauntlet | Reached XP level 12. HP: 100/100 MP: 11/17
 14426 | Gauntlet | Got a warped graven amulet
 14431 | Gauntlet | Identified the amulet of Pexied {Spirit Stlth+} (You found
                  | it in a Gauntlet)
 14554 | Gauntlet | Noticed a minotaur
 14570 | Gauntlet | Slain by a minotaur

Skill      XL: |  1  2  3  4  5  6  7  8  9 10 11 12 |
---------------+-------------------------------------+-----
Unarmed Combat | 3 4 5 6 7 9 11 | 11.2
Dodging        | 2 5 8 10 | 10.1
Fighting       | 6 9 11 | 11.1
Evocations     | 7 8 |  8.0
Armour         | |  1.7

Action                   |  1- 3 |  4- 6 |  7- 9 | 10-12 || total
-------------------------+-------+-------+-------+-------++-------
Melee: Unarmed           |   134 |   168 |   269 |   353 ||   924
       Punch             |     1 |     7 |    21 |    28 ||    57
Invok: Berserk           |     1 |     4 |    11 |     9 ||    25
       Brothers in Arms  |       |       |     1 |       ||     1
Evoke: Wand              |       |       |     1 |     6 ||     7
  Use: Potion            |     2 |     2 |     3 |     3 ||    10
       Scroll            |       |     9 |     3 |     7 ||    19
 Stab: Sleeping          |     1 |     2 |     1 |     1 ||     5
       Paralysed         |       |       |       |     2 ||     2
  Eat: Chunk             |     5 |    11 |    16 |    12 ||    44
       Ration            |       |       |     3 |     4 ||     7
Armor: Animal skin       |    21 |    34 |    40 |       ||    95
       Robe              |       |       |     9 |    74 ||    83
Dodge: Dodged            |    89 |    82 |   120 |   218 ||   509
